 Dungeon Crawl Stone Soup version 0.28.0-62-gf88900778d (webtiles) character file.

Game seed: 13944989454797076652

326 infinitevox the Bolt Thrower (level 6, 0/44 HPs)
             Began as a Demonspawn Wanderer on Apr 15, 2023.
             Succumbed to an orc wizard's poison
             ... on level 3 of the Dungeon.
             The game lasted 00:11:58 (2997 turns).

infinitevox the Bolt Thrower (Demonspawn Wanderer)  Turns: 2997, Time: 00:12:00

Health: 0/44       AC:  8    Str: 15 (18) XL:     6   Next: 24%
Magic:  6/6        EV: 10    Int: 10 (12) God:
Gold:   106        SH:  4    Dex:  9 (10) Spells: 5/5 levels left

rFire   . . .      SeeInvis .   o - +1 spear
rCold   . . .      Faith    .   f - +0 buckler
rNeg    . . .      Spirit   .   g - +0 leather armour
rPois   .          Reflect  .   (no helmet)
rElec   .          Harm     .   (no cloak)
rCorr   .          Rampage  .   p - +2 pair of gloves
Will    .....                   (no boots)
Stlth   +.........              (no amulet)
HPRegen 0.14/turn               (no ring)
MPRegen 0.10/turn               (no ring)

@: lethally poisoned (0 -> -2), flying
A: thin metallic scales 1, foul stench 1, demonic touch 1
a: no special abilities


You were on level 3 of the Dungeon.
You visited 1 branch of the dungeon, and saw 3 of its levels.

You collected 106 gold pieces.

Inventory:

Hand Weapons
 d - a +0 hand crossbow
 o - a +1 spear (weapon)
Missiles
 c - a datura-tipped dart (quivered)
Armour
 f - a +0 buckler (worn)
 g - a +0 leather armour (worn)
 p - a +2 pair of gloves (worn)
Jewellery
 i - an amulet of magic regeneration
 k - an amulet of guardian spirit
Wands
 u - a wand of flame (28)
Scrolls
 e - 2 scrolls of summoning
 r - 2 scrolls of enchant weapon
 t - a scroll of magic mapping


   Skills:
 + Level 2.2 Fighting
 - Level 6.0 Crossbows
 - Level 1.0 Armour
 + Level 0.2 Dodging
 - Level 2.0 Stealth
 * Level 2.6 Shields


You had 5 spell levels left.
You didn't know any spells.
Your spell library was empty.

Dungeon Overview and Level Annotations

Branches:
Dungeon (3/15)

Altars:

Shops:
D:1 (


Innate Abilities, Weirdness & Mutations

You are partially covered in thin metallic scales. (AC +2)
You may rarely emit foul miasma when damaged in melee.
Your touch may inflict minor irresistible damage on your foes.


Message History

Blink to where?
Press: ? - help, Dir - move target
As you read the scroll labelled NOYHUU LUGEREGH, it crumbles to dust.
It was a scroll of blinking.
* * * LOW HITPOINT WARNING * * *
You feel very sick.
As you read the scroll labelled KOARIO QIVAERGH, it crumbles to dust.
You assume a fearsome visage.
Nothing appears to happen.
It was a scroll of fear.
* * * LOW HITPOINT WARNING * * *
You feel very sick.
As you read the scroll labelled XEIXZI HIDO, it crumbles to dust.
It is a scroll of identify.
t - a scroll of magic mapping
* * * LOW HITPOINT WARNING * * *
You feel sick.
Keep disrobing?
* * * LOW HITPOINT WARNING * * *
You feel sick.
You start removing your amulet.
You continue taking off your amulet of magic regeneration.
* * * LOW HITPOINT WARNING * * *
You feel sick.
You continue taking off your amulet of magic regeneration.
* * * LOW HITPOINT WARNING * * *
You feel sick.
You continue taking off your amulet of magic regeneration.
* * * LOW HITPOINT WARNING * * *
You feel sick.
You continue taking off your amulet of magic regeneration.
* * * LOW HITPOINT WARNING * * *
You feel sick.
You finish taking off your amulet of magic regeneration.
You start putting on your amulet.
You continue putting on your amulet of guardian spirit.
Keep equipping yourself?
* * * LOW HITPOINT WARNING * * *
You feel sick.
You continue putting on your amulet of guardian spirit.
You die...

## ### # #.#.. ..
..#.# .... #.##.#.#
#... #......#
#..##.##. #@###
##..#.#.#.##
#.....#....#......
.......#.#.......#
#...####>..##.....#
#...# ##..........
#...# #..........
#...# ##.###....<.
#.... ..# ##....#
####.#####.#.#


There were no monsters in sight!

Vanquished Creatures
  A jelly (D:2)
  Natasha (thrice) (D:2)
  Terence (D:2)
  2 orc wizards (D:3)
  Robin (D:2)
  3 gnolls (D:2)
  2 adders
  3 worms
  A dart slug (D:1)
  3 orcs (D:3)
  11 ball pythons
  3 bats
  5 endoplasms
  3 giant cockroaches (D:1)
  16 goblins
  7 hobgoblins
  3 kobolds
  A quokka (D:2)
  7 frilled lizards
  4 rats
80 creatures vanquished.

Vanquished Creatures (others)
  14 plants (D:3)
14 creatures vanquished.

Grand Total: 94 creatures vanquished

Notes
Turn   | Place    | Note
-------+----------+-------------------------------------------
     0 | D:1      | infinitevox the Demonspawn Wanderer began the quest for the
                  | Orb.
     0 | D:1      | infinitevox set off with the following items: a +0 dagger,
                  | 2 atropa-tipped darts, a datura-tipped dart, a +0 hand
                  | crossbow, 22 bolts, a +0 buckler, a +0 leather armour
     0 | D:1      | Reached XP level 1. HP: 16/16 MP: 1/1
    22 | D:1      | Found Nead's Weapon Emporium.
    58 | D:1      | Reached skill level 3 in Crossbows
   298 | D:1      | Gained mutation: You are partially covered in thin metallic
                  | scales. (AC +2) [demonic ancestry]
   298 | D:1      | Reached XP level 2. HP: 22/22 MP: 2/2
   685 | D:1      | Gained mutation: You may rarely emit foul miasma when
                  | damaged in melee. [demonic ancestry]
   685 | D:1      | Reached XP level 3. HP: 27/27 MP: 3/3
  1011 | D:2      | Reached skill level 4 in Crossbows
  1011 | D:2      | Reached XP level 4. HP: 28/33 MP: 4/4
  1225 | D:2      | Noticed Terence
  1243 | D:2      | HP: 1/33 [Terence/+0 hand axe (6)]
  1851 | D:2      | Noticed Robin
  1872 | D:2      | Reached skill level 5 in Crossbows
  1875 | D:2      | Killed Robin
  1876 | D:2      | Gained mutation: Your touch may inflict minor irresistible
                  | damage on your foes. [demonic ancestry]
  1876 | D:2      | Reached XP level 5. HP: 10/38 MP: 5/5
  2197 | D:2      | Noticed Natasha
  2209 | D:2      | Killed Natasha
  2395 | D:2      | Killed Terence
  2415 | D:2      | Noticed Natasha
  2418 | D:2      | Killed Natasha
  2532 | D:2      | Noticed Natasha
  2538 | D:2      | Killed Natasha
  2732 | D:3      | Reached skill level 6 in Crossbows
  2732 | D:3      | Reached XP level 6. HP: 44/44 MP: 6/6
  2994 | D:3      | HP: 2/44 [poisoned by an orc wizard]
  2997 | D:3      | Succumbed to an orc wizard's poison

Illustrated notes

Levels and vault maps discovered:
D:1:      saegor_arrival_simple_e, layout_basic, serial_shops, shop_fountains,
          grunt_decor_arrowhead, st_stairs_9
D:2:      layout_loops_ring, uniq_terence, uniq_robin, uniq_natasha
D:3:      layout_loops_cross, shapermc_ecumenical_altar_totnotflames,
          nicolae_grassy_gnolls

Skill      XL: |  1  2  3  4  5 |
---------------+----------------+-----
Crossbows      | 3 4 5 6 |  6.0
Stealth        | 2 |  2.0
Shields        | 2 |  2.6
Fighting       | |  2.2
Armour         | |  1.0
Dodging        | |  0.2

Action                   |  1- 3 |  4- 6 || total
-------------------------+-------+-------++-------
Melee: Dagger            |     3 |    44 ||    47
       Spear             |       |    80 ||    80
 Fire: Hand crossbow     |    74 |    82 ||   156
Throw: Dart              |       |     8 ||     8
  Use: Scroll            |       |     8 ||     8
       Potion            |       |     4 ||     4
 Stab: Invisible         |       |     1 ||     1
       Sleeping          |       |     1 ||     1
Armor: Leather armour    |     3 |    54 ||    57
Dodge: Dodged            |    19 |    51 ||    70
Block: Buckler           |     6 |    25 ||    31
